 Dungeon Crawl Stone Soup version 0.27.1 (webtiles) character file.

Game seed: 12340072009527347123

21097 tbh1313 the Bludgeoner (level 12, -9/73 HPs)
             Began as a Gargoyle Fighter on Aug 14, 2021.
             Was the Champion of Okawaru.
             Splashed by an oklob plant's acid (12 damage)
             ... on level 2 of the Lair of Beasts on Aug 22, 2021.
             The game lasted 00:38:25 (16114 turns).

tbh1313 the Bludgeoner (Gargoyle Fighter)          Turns: 16114, Time: 00:38:26

Health: -9/73      AC: 27    Str: 24    XL:     12   Next: 86%
Magic:  2/4        EV: 21    Int:  6    God:    Okawaru [******]
Gold:   972        SH:  0    Dex: 15    Spells: 11/11 levels left

rFire    . . .     SeeInvis .   s - +10 morningstar of Calamity {antimagic, rN+ Int-4 Stlth+}
rCold    . . .     Faith    .   (no shield)
rNeg     + + .     Spirit   .   F - +5 scale mail
rPois    ∞         Reflect  .   (no helmet)
rElec    +         Harm     .   i - +0 cloak
rCorr    .         Rampage  .   I - +3 pair of gauntlets of War {Slay+5}
Will     .....                  z - +0 pair of boots
Stlth    +++.......             J - amulet of magic regeneration
HPRegen  0.22/turn              e - +4 ring of evasion
MPRegen  0.34/turn              Q - +6 ring of dexterity

@: heroic, corroded, studying Dodging
A: sickness immunity, AC +8, negative energy resistance 1, electricity
resistance, torment resistance 1, petrification resistance
a: Renounce Religion, Heroism, Finesse


You were on level 2 of the Lair of Beasts.
You worshipped Okawaru.
Okawaru was exalted by your worship.
You visited 4 branches of the dungeon, and saw 15 of its levels.
You also visited: Bailey.

You collected 972 gold pieces.

Inventory:

Hand Weapons
 a - a +0 flail
 j - a +2 whip of flaming
 m - a +0 whip of freezing
 n - a +0 morningstar
 s - the +10 morningstar of Calamity (weapon) {antimagic, rN+ Int-4 Stlth+}
   (You found it on level 5 of the Dungeon)

   It reduces the magical energy of the wielder, and disrupts the spells and
   magical abilities of those it strikes.
   Natural abilities and divine invocations are not affected.
   Int:       It affects your intelligence (-4).
   rN:        It protects you from negative energy.
   Stlth:     It makes you more stealthy.
Armour
 c - a +0 kite shield
 i - a +0 cloak (worn)
 y - the +5 robe of Night {Dark Will+ SInv}
   (You found it on level 8 of the Dungeon)

   It shrouds the wearer in darkness, reducing the range at which they can see
   and be seen by others.
   SInv:      It lets you see invisible.
   Will:      It increases your willpower.
 z - a +0 pair of boots (worn)
 E - a +0 plate armour
 F - a +5 scale mail (worn)
 I - the +3 pair of gauntlets of War (worn) {Slay+5}
   (You acquired it on level 11 of the Dungeon)

   Slay:      It affects your accuracy & damage with ranged weapons and melee
   (+5).
Magical Staves
 f - a staff of cold
 l - a staff of air
 N - a staff of earth
Jewellery
 b - a ring of protection from fire
 e - a +4 ring of evasion (left hand)
 g - a ring of fire
 q - a ring of positive energy
 u - the ring "Yhaenim" {Wiz Str+3}
   (You found it on level 6 of the Dungeon)

   [ring of wizardry]

   It improves your spell success rate.
   Str:       It affects your strength (+3).
 J - an amulet of magic regeneration (around neck)
 L - a ring of magical power
 Q - a +6 ring of dexterity (right hand)
Wands
 x - a wand of acid (18)
 H - a wand of paralysis (6)
 K - a wand of iceblast (10)
 M - a wand of mindburst (15)
Scrolls
 h - 3 scrolls of vulnerability
 k - 6 scrolls of amnesia
 r - 2 scrolls of teleportation
 A - a scroll of fog
 O - 2 scrolls of holy word
 P - a scroll of immolation {unknown}
 R - a scroll of magic mapping {unknown}
 S - a scroll of blinking {unknown}
 T - a scroll of fear
Potions
 d - 2 potions of heal wounds
 o - 8 potions of curing
 p - 2 potions of flight
 t - 2 potions of resistance
 v - a potion of ambrosia {unknown}
 w - 2 potions of cancellation
 B - 3 potions of brilliance
 C - a potion of berserk rage {unknown}
 D - 4 potions of lignification
 G - a potion of haste


   Skills:
 + Level 7.8(12.8) Fighting
 - Level 16.0(21.0) Maces & Flails
 + Level 7.8(12.8) Armour
 - Level 10.0(15.0) Dodging
 - Level 3.2(8.2) Shields
 + Level 3.2 Invocations


You had 11 spell levels left.
You didn't know any spells.
Your spell library contained the following spells:

 Spells                   Type           Power      Damage    Failure   Level
 Beastly Appendage        Tmut           0%         N/A       69%         1
 Foxfire                  Conj/Fire      0%         2x1d4     69%         1
 Slow                     Hex            0%         N/A       83%         2
 Wereblood                Tmut           0%         N/A       83%         2
 Confusing Touch          Hex            0%         N/A       96%         3
 Conjure Flame            Conj/Fire      0%         6-21      96%         3
 Gell's Gravitas          Tloc           0%         N/A       96%         3
 Inner Flame              Hex/Fire       0%         N/A       96%         3
 Spider Form              Tmut/Pois      0%         N/A       96%         3
 Teleport Other           Tloc           0%         N/A       96%         3
 Vampiric Draining        Necr           0%         2d6       96%         3
 Dispersal                Tloc           0%         N/A       100%        6


Dungeon Overview and Level Annotations

Branches:
Dungeon (11/15)            Temple (1/1) D:4            Lair (2/6) D:11
    Orc (1/2) D:11         Bailey (visited)
  Swamp: Lair:2-4    Shoals: Lair:2-4     Snake: Lair:2-4    Spider: Lair:2-4

Altars:
Ashenzari
Cheibriados
Dithmenos
Elyvilon
Fedhas
Gozag
Hepliaklqana
Kikubaaqudgha
Makhleb
Nemelex Xobeh
Okawaru
Qazlal
Ru
Sif Muna
Trog
Uskayaw
Vehumet
Wu Jian
Xom
Yredelemnul
Zin
The Shining One

Shops:
D:7 (   D:10 *   D:11 *

Annotations:
D:4 1 transporter
Lair:2 exclusion: 2 oklob plants


Innate Abilities, Weirdness & Mutations

You are immune to sickness and miasma.
Your stone body is resilient. (AC +8)
You are immune to poison.
You resist negative energy. (rN+)
You are resistant to electric shocks. (rElec)
You are resistant to unholy torment.
You are immune to petrification.


Message History

A water moccasin is nearby!
You miss the water moccasin. The water moccasin bites you.
You barely miss the water moccasin.
The water moccasin bites you but does no damage.
You sock the water moccasin!
The water moccasin is moderately wounded.
The water moccasin misses you.
You impale the water moccasin!!
You kill the water moccasin!
Okawaru accepts your kill.
You start resting.
HP restored.
Really walk into a travel-excluded area?
The oklob plant spits acid at you.
The splash of acid hits you but does no damage.
The acid corrodes you!
You are splashed with acid!
You see here a water moccasin corpse.
You hit the oklob plant but do no damage.
The oklob plant spits acid at you.
The splash of acid hits you but does no damage.
You are splashed with acid!
You impale the oklob plant!!
The oklob plant is moderately damaged.
You puncture the oklob plant!
The oklob plant is severely damaged.
You gain the combat prowess of a mighty hero.
You sock the oklob plant!
The oklob plant is severely damaged.
The oklob plant spits acid at you. The splash of acid hits you.
You are splashed with acid!
You completely miss the oklob plant.
The oklob plant is severely damaged.
The oklob plant spits acid at you. The splash of acid hits you!
You are splashed with acid!
* * * LOW HITPOINT WARNING * * *
The oklob plant spits acid at you. The splash of acid hits you!
* * * LOW HITPOINT WARNING * * *
You are splashed with acid!
You die...

.......##............#
+......###............
##......##.+...........
##.......#.............P
........................
#P......##............+
#.......+..P..†.......#
#P.....†...#...........
##.#P.@#.##.###########
#P.P#####.# #.[.# ###
#..$# #####


You could see 2 oklob plants.

Levels and vault maps discovered:
D:1:      wheals_arrival_linesprint, layout_basic, ebering_ecumenical_altar_mist
D:2:      layout_basic, minmay_mini_jars, uniq_crazy_yiuf_cottage
D:3:      layout_basic
D:4:      layout_loops_ring, mainiacjoe_overflow_alcove_4,
          minmay_temple_entry_purple_smoke, gammafunk_ghost_abyssal_escape,
          minmay_misc_feat_x, uniq_pikel, uniq_sigmund
D:5:      layout_basic, mainiacjoe_overflow_tiny_flanked, uniq_blork_the_orc,
          uniq_eustachio
D:6:      minmay_razor_zed, layout_cave_pools, nicolae_qazlal_scattered_showers,
          grunt_temple_overflow_open, minmay_alternating_orb
D:7:      layout_loops_ring, serial_shops, kennysheep_mini_moat,
          hangedman_abyss_or_decor_stagger, uniq_menkaure
D:8:      layout_cave_pods, nicolae_dithmenos_shadow_blocks,
          hellmonk_guarded_unrand_night
D:9:      layout_cave_pools, kennysheep_small_square
D:10:     layout_roguey, tso_metal_star, nicolae_shop_overcharged_wands
D:11:     layout_long_grid, erik_lair_island, david_orc_4, enter_bailey_2,
          nicolae_shop_gadgets, uniq_grum
Temple:   eino_wide_crystal_templ
Lair:1:   layout_cave_pods
Lair:2:   layout_roguey, grunt_megastairs_5, minmay_lair_oklob_chamber,
          infiniplex_staircase_pool
Orc:1:    layout_diamond_mine, uniq_jorgrun, uniq_nergalle

Notes
Turn   | Place    | Note
-------+----------+-------------------------------------------
     0 | D:1      | tbh1313 the Gargoyle Fighter began the quest for the Orb.
     0 | D:1      | Reached XP level 1. HP: 14/14 MP: 1/1
    55 | D:1      | Upgraded the game from 0.27.0-1-g7a089689b8 to 0.27.1
   209 | D:1      | Reached XP level 2. HP: 14/19 MP: 2/2
   328 | D:1      | Reached skill level 3 in Maces & Flails
   663 | D:1      | Reached XP level 3. HP: 12/23 MP: 3/3
   900 | D:1      | Found a faded altar of an unknown god.
  1869 | D:2      | Reached skill level 4 in Maces & Flails
  1871 | D:2      | Reached XP level 4. HP: 28/28 MP: 4/4
  2324 | D:2      | Reached skill level 5 in Maces & Flails
  2324 | D:2      | Reached XP level 5. HP: 29/32 MP: 5/5
  2902 | D:2      | Found a runed translucent door.
  2903 | D:2      | Noticed Crazy Yiuf
  2911 | D:2      | Killed Crazy Yiuf
  3233 | D:3      | Reached skill level 6 in Maces & Flails
  3233 | D:3      | Reached XP level 6. HP: 23/37 MP: 6/6
  4056 | D:4      | Reached skill level 7 in Maces & Flails
  4208 | D:4      | Found a staircase to the Ecumenical Temple.
  4224 | D:4      | Reached XP level 7. HP: 31/41 MP: 7/7
  4227 | Temple   | Entered the Ecumenical Temple
  4373 | D:4      | Noticed Pikel
  4414 | D:4      | Killed Pikel
  4415 | D:4      | Reached skill level 9 in Maces & Flails
  4415 | D:4      | Reached XP level 8. HP: 27/46 MP: 8/8
  4974 | D:4      | Found a transporter.
  4981 | D:4      | Noticed Sigmund
  5006 | D:4      | Killed Sigmund
  5007 | D:4      | Reached skill level 10 in Maces & Flails
  5434 | D:4      | Found an iron altar of Okawaru.
  5588 | D:5      | Entered Level 5 of the Dungeon
  5608 | D:5      | Noticed Eustachio
  5697 | D:4      | Became a worshipper of Warmaster Okawaru
  5751 | D:5      | Noticed a wraith
  5780 | D:5      | Found a blossoming altar of Fedhas.
  5802 | D:4      | HP: 3/46 [wraith (3)]
  5803 | D:4      | Killed a wraith
  5804 | D:4      | Reached skill level 1 in Dodging
  6151 | D:5      | Killed Eustachio
  6151 | D:5      | Reached * piety under Okawaru
  6152 | D:5      | Reached XP level 9. HP: 37/51 MP: 9/9
  6336 | D:5      | Noticed Blork the orc
  6348 | D:5      | Reached skill level 11 in Maces & Flails
  6355 | D:5      | Killed Blork the orc
  6926 | D:5      | Identified the +10 morningstar of Calamity {antimagic, rN+
                  | Int-4 Stlth+}
  6997 | D:5      | Reached ** piety under Okawaru
  7142 | D:6      | Found a white marble altar of Elyvilon.
  7143 | D:6      | Found a shimmering altar of Xom.
  7143 | D:6      | Found an ornate altar of the Wu Jian Council.
  7148 | D:6      | Found a glowing silver altar of Zin.
  7148 | D:6      | Found a shimmering blue altar of Sif Muna.
  7150 | D:6      | Found a sparkling altar of Nemelex Xobeh.
  7150 | D:6      | Found a radiant altar of Vehumet.
  7158 | D:6      | Identified the ring "Yhaenim" {Wiz Str+3}
  7233 | D:6      | Reached skill level 5 in Dodging
  7252 | D:6      | Reached skill level 12 in Maces & Flails
  7304 | D:6      | Reached *** piety under Okawaru
  7671 | D:6      | Reached XP level 10. HP: 56/56 MP: 3/10
  7672 | D:6      | Found a stormy altar of Qazlal.
  8148 | D:6      | Reached skill level 13 in Maces & Flails
  8553 | D:7      | Noticed Menkaure
  8565 | D:7      | Killed Menkaure
  8567 | D:7      | Reached **** piety under Okawaru
  8949 | D:7      | Found Soeceydy's Antique Weapon Emporium.
  9593 | D:8      | Found a shadowy altar of Dithmenos.
 10170 | D:8      | Found the +5 robe of Night {Dark Will+ SInv}
 10496 | D:8      | Reached skill level 14 in Maces & Flails
 10581 | D:9      | Reached XP level 11. HP: 60/60 MP: 3/11
 10730 | D:9      | Reached ***** piety under Okawaru
 10863 | D:9      | Noticed a cyclops
 10872 | D:9      | Killed a cyclops
 11111 | D:10     | Entered Level 10 of the Dungeon
 11227 | D:10     | Found a glowing golden altar of the Shining One.
 11440 | D:10     | Found Humuhoe's Overcharged Wands.
 11963 | D:11     | Identified a scroll of acquirement
 11963 | D:11     | Acquired the +3 pair of gauntlets of War {Slay+5}
 11963 | D:11     | Found the +3 pair of gauntlets of War {Slay+5}
 11991 | D:11     | Found a flagged portal.
 11992 | D:11     | Noticed a two-headed ogre
 12000 | D:11     | Killed a two-headed ogre
 12001 | D:11     | Reached skill level 15 in Maces & Flails
 12001 | D:11     | Reached skill level 10 in Dodging
 12110 | Bailey   | Entered a bailey
 12319 | Bailey   | HP: 6/60 [orc warrior (3)]
 12695 | D:11     | HP: 5/60 [gargoyle/stone arrow (24)]
 13008 | D:11     | Noticed a manticore
 13014 | D:11     | Killed a manticore
 13296 | D:11     | Noticed a manticore
 13306 | D:11     | Received a gift from Okawaru
 13314 | D:11     | Killed a manticore
 13325 | D:11     | Found a staircase to the Lair.
 13558 | D:11     | Found Duoref's Gadget Gallery.
 13588 | D:11     | Noticed Grum
 13608 | D:11     | Killed Grum
 13609 | D:11     | Reached skill level 16 in Maces & Flails
 13887 | D:11     | Reached XP level 12. HP: 58/64 MP: 4/12
 13937 | D:11     | Found a staircase to the Orcish Mines.
 13946 | Orc:1    | Entered Level 1 of the Orcish Mines
 13979 | Orc:1    | Noticed an orc high priest
 13994 | Orc:1    | Killed an orc high priest
 14338 | Orc:1    | Reached skill level 5 in Fighting
 14338 | Orc:1    | Reached skill level 5 in Armour
 14349 | Orc:1    | Noticed Jorgrun
 14369 | Orc:1    | Killed Jorgrun
 14682 | Lair:1   | Entered Level 1 of the Lair of Beasts
 14759 | Lair:1   | Identified the +1 robe of the Villain {Harm +Blink Will+
                  | Int-5}
 14814 | Lair:1   | Reached ****** piety under Okawaru
 15157 | Lair:1   | Received a gift from Okawaru
 15244 | Lair:1   | Reached skill level 1 in Invocations
 15929 | Lair:2   | Noticed an eight-headed hydra
 15935 | Lair:2   | Killed an eight-headed hydra
 16114 | Lair:2   | HP: 3/73 [oklob plant/splash of acid (9)]
 16114 | Lair:2   | Splashed by an oklob plant's acid

Table legend: (Time is in decaauts)
 A = Elapsed time spent in this place.
 B = Non-inter-level travel time spent in this place.
 C = Inter-level travel time spent in this place.
 D = Time resting spent in this place.
 E = Time spent auto-exploring this place.
 F = Levels seen in this place.
 G = Mean time per level.
                   A        B        C        D        E       F      G
               +--------+--------+--------+--------+--------+-----+--------+
         Total |  15841 |  15004 |    837 |   4159 |   8534 |  16 |  990.1 |
       Dungeon |  13455 |  12665 |    790 |   3513 |   7184 |  11 | 1223.2 |
        Temple |    125 |    112 |     13 |      0 |    102 |   1 |  125.0 |
          Lair |   1402 |   1384 |     18 |    192 |   1020 |   2 |  701.0 |
  Orcish Mines |    653 |    638 |     15 |    352 |    200 |   1 |  653.0 |
        Bailey |    204 |    204 |      0 |    101 |     28 |   1 |  204.0 |
               +--------+--------+--------+--------+--------+-----+--------+

Top non-repeatable levels by time:
     D:4: 1851 daAuts
     D:1: 1819 daAuts
    D:11: 1362 daAuts
     D:6: 1344 daAuts
    D:10: 1234 daAuts
     D:2: 1164 daAuts
  Lair:1: 1160 daAuts
     D:5: 1074 daAuts
     D:8: 1067 daAuts
     D:3: 949 daAuts
     D:7: 929 daAuts
     D:9: 658 daAuts
   Orc:1: 653 daAuts
  Lair:2: 242 daAuts
  Bailey: 204 daAuts

Table legend:
 A = Kills in this place as a percentage of kills in entire the game.
 B = Kills by you in this place as a percentage of kills by you in the entire game.
 C = Kills by friends in this place as a percentage of kills by friends in the entire game.
 D = Other kills in this place as a percentage of other kills in the entire game.
 E = Experience gained in this place as a percentage of experience gained in the entire game.
 F = Experience gained in this place divided by the number of levels of this place that you have seen.
                   A       B       C       D       E      F
               +-------+-------+-------+-------+-------+----------------------
         Total | 100.0 | 100.0 |   N/A |   N/A | 100.0 | 1883.7
       Dungeon |  82.7 |  82.7 |   N/A |   N/A |  60.9 | 1668.3
          Lair |   7.5 |   7.5 |   N/A |   N/A |  21.6 | 3250.0
  Orcish Mines |   4.9 |   4.9 |   N/A |   N/A |  17.0 | 5110.0
        Bailey |   4.9 |   4.9 |   N/A |   N/A |   0.6 | 178.0
               +-------+-------+-------+-------+-------+----------------------

Action                   |  1- 3 |  4- 6 |  7- 9 | 10-12 || total
-------------------------+-------+-------+-------+-------++-------
Melee: Flail             |   121 |       |       |       ||   121
       Whip              |     5 |   200 |   291 |       ||   496
       Morningstar       |       |       |    59 |   580 ||   639
       Punch             |       |       |       |     1 ||     1
Invok: Heroism           |       |       |       |     4 ||     4
  Use: Potion            |     1 |       |     2 |     2 ||     5
       Scroll            |       |     7 |     5 |    12 ||    24
 Stab: Invisible         |       |       |     6 |       ||     6
Armor: Scale mail        |    76 |    75 |   129 |   267 ||   547
Dodge: Dodged            |   134 |   145 |   223 |   485 ||   987

Vanquished Creatures
  Jorgrun (Orc:1)
  A hydra (Lair:2)
  A two-headed ogre (D:11)
  An orc high priest (Orc:1)
  Pikel (D:4)
  2 cyclopes
  2 manticores (D:11)
  A black mamba (Lair:1)
  A torpor snail (Lair:1)
  A cane toad (Lair:1)
  A gargoyle (D:11)
  An unseen horror (D:10)
  2 komodo dragons (Lair:2)
  A polar bear (Lair:1)
  3 trolls
  3 dream sheep (D:8)
  3 blink frogs (Lair:1)
  Sigmund (D:4)
  3 shadows
  Eustachio (D:5)
  3 wraiths
  12 yaks
  2 wyverns
  Grum (D:11)
  A steam dragon (D:7)
  2 basilisks (Lair:2)
  Menkaure (D:7)
  An acid dragon (D:10)
  3 water moccasins
  3 ice beasts
  11 orc warriors
  3 sky beasts
  A necrophage (D:6)
  3 centaurs
  A black bear (D:7)
  7 ogres
  8 wolves
  4 phantoms (D:6)
  A kobold brigand (D:6)
  A lemure (D:4)
  Blork the orc (D:5)
  6 bullfrogs
  7 scorpions
  A water moccasin skeleton (D:4)
  4 killer bees (D:10)
  8 howler monkeys
  6 wights
  5 electric eels (D:11)
  2 jellies
  4 bullfrog zombies
  2 centaur zombies
  11 hounds
  3 orc priests
  2 centaur skeletons
  Crazy Yiuf (D:2)
  7 iguanas
  15 orc wizards
  A killer bee zombie (D:4)
  A hound skeleton (D:4)
  11 gnolls
  A howler monkey skeleton (D:6)
  13 adders
  A shadow imp (D:6)
  2 white imps
  An ufetubus (D:7)
  An adder skeleton (D:4)
  2 worms (D:2)
  56 orcs
  4 endoplasms
  4 giant cockroaches
  7 hobgoblins
  7 jackals
  14 kobolds
  2 quokkas
  7 ball pythons
  11 bats
  2 frilled lizards
  9 goblins
  5 rats
347 creatures vanquished.

Vanquished Creatures (others)
  3 fungi (Lair:1)
  3 plants
6 creatures vanquished.

Grand Total: 353 creatures vanquished
